 Dungeon Crawl Stone Soup version 0.31-a0-859-g9dce7d3444 (webtiles) character file.

Game seed: 6335690782245435268

116 Flugkiller the Grave Robber (level 5, -3/57 HPs)
             Began as a Merfolk Necromancer on Oct 9, 2023.
             Slain by Blork the orc
             ... wielding a +2 halberd of freezing
              (4 damage)
             ... on level 4 of the Dungeon.
             The game lasted 00:06:11 (2975 turns).

Flugkiller the Grave Robber (Merfolk Necromancer)   Turns: 2975, Time: 00:06:12

Health: -3/57      AC: 22    Str: 16    XL:     5   Next: 1%
Magic:  5/8        EV:  2    Int: 14    God:
Gold:   134        SH:  0    Dex: 15    Spells: 7/8 levels left

rFire   . . .        (no weapon)
rCold   . . .        (no shield)
rNeg    . . .        a - melded +0 robe
rPois   +            (helmet currently unavailable)
rElec   .            (cloak currently unavailable)
rCorr   .            (gloves currently unavailable)
SInv    .            (boots currently unavailable)
Will    .....        e - amulet of faith
Stlth   ++           m - +6 ring of strength
HPRegen 0.29/turn    v - +5 ring of evasion
MPRegen 0.11/turn

%: faith
@: tree-form, weak-willed, hasted, very quick
A: stationary, stasis, torment immunity, boosted hp, (nimble swimmer 2),
(mertail)
a: no special abilities


You were on level 4 of the Dungeon.
You were a tree.
You visited 1 branch of the dungeon, and saw 4 of its levels.

You collected 134 gold pieces.

Inventory:

Hand Weapons
 c - a +0 spear
   (You found it on level 1 of the Dungeon)
 k - a +0 halberd
   (You took it off a gnoll on level 3 of the Dungeon)
Missiles
 i - 15 poisoned darts (quivered)
Armour
 a - a +0 robe (melded)
Jewellery
 e - an amulet of faith (around neck)
   (You found it on level 1 of the Dungeon)
 f - a ring of resist corrosion
   (You found it on level 1 of the Dungeon)
 m - a +6 ring of strength (left branch)
   (You found it on level 1 of the Dungeon)
 p - a ring of protection from fire
   (You found it on level 3 of the Dungeon)
 v - a +5 ring of evasion (right branch)
   (You found it on level 1 of the Dungeon)
Scrolls
 h - 2 scrolls of immolation
 n - a scroll of torment {unknown}
 q - a scroll of teleportation {unknown}
 r - a scroll of identify
 s - a scroll of vulnerability
 t - 2 scrolls of revelation
 z - a scroll of blinking
Potions
 b - 2 potions of magic
 g - a potion of resistance {unknown}
 l - a potion of curing {unknown}
 o - a potion of might {unknown}


   Skills:
 - Level 2.0 Fighting
 + Level 3.9 Polearms
 - Level 2.6 Dodging
 - Level 2.1 Stealth
 - Level 2.0 Spellcasting
 + Level 3.9 Necromancy


You had 7 spell levels left.
You knew the following spells:

 Your Spells              Type           Power      Damage    Failure   Level
a - Necrotise             Necr           48%        1d6       4%          1

Your spell library contained the following spells:

 Spells                   Type           Power      Damage    Failure   Level
 Vampiric Draining        Necr           12%        2d6       14%         3
 Animate Dead             Necr           12%        N/A       43%         4
 Agony                    Necr           12%        N/A       78%         5


Dungeon Overview and Level Annotations

Branches:
Dungeon (4/15) Zot: 21027
 Temple: D:4-7

Altars:
Zin

Annotations:
D:3 exclusions: downstairs and water moccasin
D:4 Blork the orc


Innate Abilities, Weirdness & Mutations

You are a tree.
Your roots penetrate the ground, keeping you stationary.
You cannot be teleported.
You are immune to unholy pain and torment.
Your maximum health is greatly increased.
Your equipment is partially melded.
((You are very nimble when in or above water. (Stealth+, EV+, Speed+++)))
((Your lower body shifts to a powerful aquatic tail in water.))


Message History

i - 15 poisoned darts (gained 5)
You see here 5 large rocks.
p - a ring of protection from fire;
t - 2 scrolls of revelation You start resting.
Magic restored.
Your bat skeleton crumbles into dust!
You open the door.
There is an open door here.
Items here: ( )))).
There is an open door here.
There is an open door here.
There is an open door here.
There is an open door here.
There is an open door here.
There is a stone staircase leading up here.
An ogre is nearby!
Unknown command.
There is an open door here.
There is an open door here.
There is an open door here.
There is a stone staircase leading down here.
You climb downwards.
Blork the orc shouts!
The endoplasm quivers.
Found a ring mail, 9 gold pieces and a hand axe.
Found a glowing silver altar of Zin.
There is a stone staircase leading up here.
Unknown command.
Press: ? - help, v - describe, . - travel
Here: Blork the orc, wielding a +2 halberd of freezing and wearing a +0 robe The floor.
Unknown command.
You see here a +0 ring mail.
Casting: Necrotise (safe; 4% risk of failure)
Confirm with . or Enter, or press ? or * to list all spells.
Aiming: Necrotise (safe; 4% risk of failure)
Press: ? - help, Shift-Dir - straight line, f - endoplasm
Aim: an endoplasm (chance to affect: 81%)
The endoplasm writhes in agony.
Blork the orc mumbles some strange words.
Blork the orc seems to speed up.
Casting: Necrotise (safe; 4% risk of failure)
Confirm with . or Enter, or press ? or * to list all spells.
Aiming: Necrotise (safe; 4% risk of failure)
Press: ? - help, Shift-Dir - straight line, f/p - endoplasm
Aim: an endoplasm (almost dead, chance to affect: 81%)
The endoplasm writhes in agony.
You kill the endoplasm!
You aren't carrying any items that you can evoke.
Unknown command.
Okay, then.
Okay, then.
Unknown command.
Blork the orc gestures at you while chanting.
The magic dart hits you.
You now have 134 gold pieces (gained 9).
Unknown command.
Blork the orc hits you from afar with a +2 halberd of freezing!
Blork the orc freezes you.
Blork the orc gestures at you while chanting.
The magic dart hits you!
* * * LOW HITPOINT WARNING * * *
Blork the orc barely misses you.
Unknown command.
You turn into a tree.
Your +0 robe melds into your body.
Your roots penetrate the ground.
Blork the orc hits you with a +2 halberd of freezing.
* * * LOW HITPOINT WARNING * * *
Blork the orc freezes you.
* * * LOW HITPOINT WARNING * * *
Okay, then.
Okay, then.
As you read the scroll labelled IVUH IBLAITHUT, it crumbles to dust.
Magic quickly surges around you.
It was a scroll of vulnerability.
Blork the orc hits you but does no damage. x2
You aren't carrying any items that you can evoke.
It was a potion of haste.
You feel yourself speed up.
Blork the orc hits you with a +2 halberd of freezing.
* * * LOW HITPOINT WARNING * * *
Blork the orc freezes you.
* * * LOW HITPOINT WARNING * * *
Okay, then.
Casting: Necrotise (safe; 4% risk of failure)
Confirm with . or Enter, or press ? or * to list all spells.
Aiming: Necrotise (safe; 4% risk of failure)
Press: ? - help, Shift-Dir - straight line, f - Blork the orc
Aim: Blork the orc, wielding a +2 halberd of freezing and wearing a +0 robe (fast, weak-willed, chance to affect: 75%) Blork the orc writhes in agony.
Blork the orc completely misses you.
Casting: Necrotise (safe; 4% risk of failure)
Confirm with . or Enter, or press ? or * to list all spells.
Aiming: Necrotise (safe; 4% risk of failure)
Press: ? - help, Shift-Dir - straight line, f/p - Blork the orc
Aim: Blork the orc, wielding a +2 halberd of freezing and wearing a +0 robe (lightly wounded, fast, weak-willed, chance to affect: 75%) Blork the orc writhes in agony.
Blork the orc hits you but does no damage.
You are now empty-handed.
Blork the orc hits you with a +2 halberd of freezing!
* * * LOW HITPOINT WARNING * * *
Blork the orc freezes you.
You die...

#. #. .# #. .#
##. .# .. .# .
#) .#
....##.#####.#
.......<.o♣..#
..#.##.####..#
... #..# ...#.
#..# ...#...
...# #. # ..
.#.## # _..
..#.# #....
#.# ... #.#


You could see Blork the orc (fast, weak-willed).

Vanquished Creatures
  3 gnolls (D:3)
  4 adders
  2 worms (D:3)
  An orc (D:3)
  3 ball pythons (D:1)
  3 endoplasms
  A giant cockroach (D:1)
  3 goblins
  7 hobgoblins
  8 kobolds
  5 bats
  A frilled lizard (D:3)
  6 rats
47 creatures vanquished.

Vanquished Creatures (collateral kills)
  An endoplasm (D:1)
  A rat (D:1)
2 creatures vanquished.

Grand Total: 49 creatures vanquished

Notes
Turn   | Place    | Note
-------+----------+-------------------------------------------
     0 | D:1      | Flugkiller the Merfolk Necromancer began the quest for the
                  | Orb.
     0 | D:1      | Reached XP level 1. HP: 13/13 MP: 3/3
   172 | D:1      | Reached skill level 1 in Polearms
   219 | D:1      | Reached skill level 1 in Fighting
   245 | D:1      | Reached XP level 2. HP: 21/21 MP: 3/5
   763 | D:1      | Reached XP level 3. HP: 26/26 MP: 1/6
  1011 | D:2      | Found a faded altar of an unknown god.
  1713 | D:3      | Noticed a water moccasin
  1837 | D:3      | Reached XP level 4. HP: 33/33 MP: 4/7
  2482 | D:3      | Noticed an ogre
  2802 | D:3      | Reached XP level 5. HP: 38/38 MP: 5/8
  2959 | D:4      | Noticed Blork the orc
  2959 | D:4      | Found a glowing silver altar of Zin.
  2975 | D:4      | HP: 1/57 [Blork the orc/+2 halberd of freezing (7)]
  2975 | D:4      | Slain by Blork the orc

Illustrated notes

Levels and vault maps discovered:
D:1:      co_arrival_square_in_a_square_in_a_square, layout_basic,
          lexackson_kobold_supper
D:2:      layout_basic, ebering_ecumenical_altar_abandoned
D:3:      layout_basic, minmay_misc_feat_alley, dk_noncrumbling_4
D:4:      layout_loops_ring, zin_purify, minmay_temple_entry_enclosed_plants,
          serial_shops, nicolae_inconvenience_store, corexii_corridor_pit,
          uniq_blork_the_orc, uniq_duvessa, uniq_edmund

Skill      XL: |  1  2  3 |
---------------+----------+-----
Polearms       | 1 2 3 |  3.9
Fighting       | 1 2 |  2.0
Dodging        | |  2.6
Stealth        | |  2.1
Spellcasting   | |  2.0
Necromancy     | |  3.9

Action                     |  1- 3 |  4- 6 || total
---------------------------+-------+-------++-------
  Melee: Spear             |    14 |    31 ||    45
  Throw: Dart              |       |     3 ||     3
   Cast: Necrotise         |    72 |    24 ||    96
    Use: Scroll            |     2 |     2 ||     4
         Potion            |       |     3 ||     3
 Armour: Robe              |    13 |    10 ||    23
         Skin              |       |    39 ||    39
  Dodge: Dodged            |    17 |    19 ||    36

Table legend: (Time is in decaauts)
 A = Elapsed time spent in this place.
 B = Non-inter-level travel time spent in this place.
 C = Inter-level travel time spent in this place.
 D = Time resting spent in this place.
 E = Time spent auto-exploring this place.
 F = Levels seen in this place.
 G = Mean time per level.
                   A        B        C        D        E       F      G
               +--------+--------+--------+--------+--------+-----+--------+
         Total |   2971 |   2785 |    186 |    745 |   1389 |   4 |  742.8 |
       Dungeon |   2971 |   2785 |    186 |    745 |   1389 |   4 |  742.8 |
               +--------+--------+--------+--------+--------+-----+--------+

Top non-repeatable levels by time:
     D:3: 1320 daAuts
     D:1: 1056 daAuts
     D:2: 579 daAuts
     D:4: 15 daAuts
